 Dungeon Crawl Stone Soup version 0.19-a0-1789-ga32af4e (webtiles) character file.

107 Firebatgyro the Chopper (level 4, 0/34 HPs)
             Began as a Demonspawn Wanderer on Oct 3, 2016.
             Killed from afar by Natasha (3 damage)
             ... with a magic dart
             ... on level 3 of the Dungeon.
             The game lasted 00:03:01 (2499 turns).

Firebatgyro the Chopper (Demonspawn Wanderer)       Turns: 2499, Time: 00:03:03

Health: 0/34       AC:  8    Str: 14    XL:     4   Next: 56%
Magic:  8/8        EV:  8    Int: 13    God:
Gold:   118        SH:  0    Dex: 12    Spells: 0 memorised, 9 levels left

rFire  . . .     SeeInvis .     c - +0 hand axe
rCold  . . .     Gourm    .     a - +2 scale mail
rNeg   . . .     Faith    .     (no shield)
rPois  .         Spirit   .     (no helmet)
rElec  .         Dismiss  .     (no cloak)
rCorr  .         Reflect  .     (no gloves)
MR     .....     Harm     .     (no boots)
Stlth  ..........               (no amulet)
                                (no ring)
                                (no ring)

@: slowed, very slow
A: talons 1
a: no special abilities


You were on level 3 of the Dungeon.
You were very hungry.

You visited 1 branch of the dungeon, and saw 3 of its levels.

You collected 118 gold pieces.

Inventory:

Hand Weapons
 c - a +0 hand axe (weapon)
Missiles
 h - 3 tomahawks (quivered)
Armour
 a - a +2 scale mail (worn)
Scrolls
 e - 3 scrolls of identify {unknown}
 f - 2 scrolls of blinking {unknown}
 g - a scroll of random uselessness {unknown}
 i - a scroll of recharging {unknown}
 l - a scroll of magic mapping {unknown}
 m - a scroll of enchant weapon {unknown}
 n - a scroll of teleportation {unknown}
 o - a scroll of remove curse {unknown}
 q - a scroll of fog {unknown}
Potions
 k - a potion of might
 r - a potion of beneficial mutation {unknown}
Books
 b - the Catalogue of Shape Shifting

   Spells                             Type                      Level
   a - Beastly Appendage              Transmutation                1
   b - Spider Form                    Transmutation/Poison         3
Comestibles
 d - a bread ration
 p - a meat ration
 s - a slice of pizza


   Skills:
 + Level 2.4 Fighting
 + Level 3.6 Axes
 - Level 1.0 Armour
 - Level 1.0 Stealth
 - Level 3.0 Spellcasting
   Level 1.7 Translocations
   Level 1.0 Evocations


You had 9 spell levels left.
You didn't know any spells.

Dungeon Overview and Level Annotations

Branches:
Dungeon (3/15)

Altars:
Dithmenos

Annotations:
D:3 Natasha


Innate Abilities, Weirdness & Mutations

You have sharp toenails.


Message History

* * * LOW HITPOINT WARNING * * *
The crimson imp hits you but does no damage.
The shadow imp hits you but does no damage.
Natasha claws you but does no damage.
You barely miss Natasha. You claw Natasha, but do no damage.
Natasha is almost dead.
You hit the shadow imp but do no damage.
Your scale mail prevents you from hitting the crimson imp.
The crimson imp hits you.
* * * LOW HITPOINT WARNING * * *
The shadow imp hits you but does no damage.
Natasha closely misses you. The crimson imp barely misses you.
The shadow imp hits you but does no damage.
You closely miss Natasha. Your kick misses Natasha.
Natasha is almost dead.
You closely miss the shadow imp.
Your scale mail prevents you from hitting the crimson imp.
Natasha casts a spell at you. The magic dart hits you!
You die...

#.# #..### #.#
##..##....### #.# #.##
#.### #..###..### #
#.# ##.#
#...####.####..# #.#
#..# ###...#..###..##
#.###.##
###...#.....###
#.##..#
#########..##.###...#
#.##.##
#.....[#o5.......##.##
#.##)#
#......5h####.##.##..#
#....# #.....5@#
#..##.###.# #..###
#......## #.###.#
#.### #.## #.>....#
#.# #.# #.... ..#
#......# ##<# #.#
####. ..#
#......####..# #.# #.
..### #...........##
#.######. ..).###
#......######
#..#.....
#.#...####......#
#.#.....
#.###.........###
#.......


You could see Natasha, 2 crimson imps, a shadow imp and an orc.

Vanquished Creatures
  Natasha (D:3)
  2 adders (D:3)
  An ooze (D:1)
  3 worms
  3 dart slugs
  4 leopard geckos
  An orc (D:3)
  3 bats
  4 giant cockroaches
  5 hobgoblins
  A ball python (D:1)
  2 frilled lizards
  3 goblins
  5 kobolds
  5 rats
43 creatures vanquished.

Notes
Turn   | Place    | Note
-------+----------+-------------------------------------------
     0 | D:1      | Firebatgyro the Demonspawn Wanderer began the quest for the Orb.
     0 | D:1      | Firebatgyro set off with: a +2 scale mail, the Catalogue of Shape Shifting, a +0 hand axe, a bread ration
     0 | D:1      | Reached XP level 1. HP: 13/13 MP: 4/4
   220 | D:1      | Reached skill level 1 in Fighting
   228 | D:1      | Gained mutation: You have sharp toenails. [demonic ancestry]
   228 | D:1      | Reached XP level 2. HP: 18/21 MP: 6/6
   600 | D:2      | Reached XP level 3. HP: 16/26 MP: 7/7
  1602 | D:2      | Found a shadowy altar of Dithmenos.
  2136 | D:3      | Reached XP level 4. HP: 15/33 MP: 8/8
  2231 | D:3      | Noticed Natasha
  2245 | D:3      | Killed Natasha
  2484 | D:3      | Noticed Natasha
  2499 | D:3      | Killed from afar by Natasha

Vault maps used:
D:1:      tarquinn_simple_flora_water_b
D:2:      serial_bayou_pond_b, nicolae_dithmenos_through_a_glass_darkly
D:3:      uniq_natasha

Skill      XL: |  1  2  3 |
---------------+----------+-----
Axes           | 2 3 |  3.6
Fighting       | 1 2 |  2.4
Armour         | |  1.0
Stealth        | |  1.0
Spellcasting   | |  3.0
Translocations | |  1.7
Evocations     | |  1.0

Action                   |  1- 3 |  4- 6 || total
-------------------------+-------+-------++-------
Melee: Hand axe          |   175 |    29 ||   204
       Kick              |    32 |    11 ||    43
  Use: Potion            |       |     3 ||     3
  Eat: Chunk             |     4 |       ||     4
Armor: Scale mail        |    90 |    20 ||   110
Dodge: Dodged            |    75 |    12 ||    87
